Match 41620175
Unlisted

Match 41620175
End
Construct Barracks
Riflemen Squad
Riflemen Squad
1⁄4-ton 4x4 Truck
Mechanized Support Center
Construct Weapon Support Center
Engineer Squad
M3 Armored Personnel Carrier
Engineer Squad
Selects Heavy Weapons
Selects Heavy Weapons
Selects Assault Carriers
andcrew
Vlambulance-YouTube
R.R.
NoLifeIsPower
0
0

Comments sign in to comment!

No comments posted yet!